 Dungeon Crawl Stone Soup version 0.30-a0-715-gdb4ae3ece1 (webtiles) character file.

Game seed: 4894314835280715297

2 purpskrrrp the Caller (level 1, -3/7 HPs)
             Began as a Felid Summoner on Jan 23, 2023.
             Slain by a goblin
             ... wielding a +0 club
              (4 damage)
             ... on level 1 of the Dungeon.
             The game lasted 00:00:52 (44 turns).

purpskrrrp the Caller (Felid Summoner)                Turns: 44, Time: 00:00:53

Health: -3/7       AC:  1    Str:  4    XL:     1   Next: 33%
Magic:  1/4        EV: 17    Int: 16    God:
Gold:   0          SH:  0    Dex: 16    Spells: 3/4 levels left
                                        Lives:  0   Deaths: 0

rFire   . . .      SeeInvis +    (weapon unavailable)
rCold   . . .      Faith    .    (shield unavailable)
rNeg    . . .      Spirit   .    (body armour unavailable)
rPois   .          Reflect  .    (helmet unavailable)
rElec   .          Harm     .    (cloak unavailable)
rCorr   .          Rampage  .    (gloves unavailable)
Will    .....                    (boots unavailable)
Stlth   ++                       (no amulet)
HPRegen 0.21/turn                (no ring)
MPRegen 0.09/turn                (no ring)

@: quick
A: very small, claws 1, fangs 3, see invisible, speed 1, shaggy fur 1, stealthy
paws, no weapons or thrown items, no armour, multi-lived
a: no special abilities


You were on level 1 of the Dungeon.
You visited 1 branch of the dungeon, and saw 1 of its levels.

Inventory:

Potions
 a - a potion of magic
 b - a potion of attraction {unknown}


   Skills:
 + Level 2.8 Dodging
 + Level 2.8 Stealth
 + Level 2.0 Spellcasting
 + Level 4.0 Summonings


You had 3 spell levels left.
You knew the following spells:

 Your Spells              Type           Power      Damage    Failure   Level
a - Summon Small Mammal   Summ           56%        N/A       4%          1

Your spell library contained the following spells:

 Spells                   Type           Power      Damage    Failure   Level
 Call Imp                 Summ           14%        N/A       6%          2
 Call Canine Familiar     Summ           14%        N/A       12%         3
 Summon Guardian Golem    Hex/Summ       8%         N/A       26%         3
 Summon Lightning Spire   Summ/Air       8%         N/A       65%         4


Dungeon Overview and Level Annotations

Branches:
Dungeon (1/15)

Altars:


Innate Abilities, Weirdness & Mutations

You have sharp claws.
You have razor-sharp teeth.
You have supernaturally acute eyesight. (SInv)
You cover ground quickly. (Speed+)
You are covered in fur. (AC +1)
Your paws help you pounce on unaware monsters.
You are incapable of wielding weapons or throwing items.
You cannot wear armour.
You gain extra lives every three experience levels.


Message History

You completely miss the jackal.
The jackal is severely wounded.
You closely miss the jackal.
The jackal is severely wounded.
You miss the jackal.
The jackal is severely wounded.
You scratch the jackal but do no damage.
The jackal is severely wounded.
The jackal attacks as you move away! The jackal barely misses you.
Something bites your bat.
Your bat dies!
Your bat's corpse disappears in a puff of smoke!
Your bat hits the jackal but does no damage.
Casting: Summon Small Mammal (safe; 4% risk of failure)
Confirm with . or Enter, or press ? or * to list all spells.
The jackal barely misses your bat.
Your bat hits the jackal but does no damage.
The jackal closely misses your quokka.
Your bat hits the jackal but does no damage.
The jackal misses your quokka.
Your quokka closely misses the jackal.
There is a large open door here.
Something hits your bat. Something hits your bat.
Your bat hits the jackal but does no damage.
The jackal bites your bat.
Your quokka misses the jackal.
Your bat barely misses the jackal.
The jackal misses your bat.
Your quokka barely misses the jackal.
You scratch the goblin but do no damage.
Your bat barely misses the jackal.
The jackal misses your bat. The goblin hits you with a +0 club.
Ouch! That really hurt!
* * * LOW HITPOINT WARNING * * *
Your quokka misses the jackal.
Your bat barely misses the goblin.
The jackal misses your bat.
You barely miss the goblin. Your bite misses the goblin.
Your bat hits the jackal but does no damage.
Your bat barely misses the goblin.
Your quokka closely misses the jackal.
The goblin hits you with a +0 club.
Ouch! That really hurt!
You die...

#.# .# ##.## .#
# #...##.##....
♣..gh.......
♣..#...#..##
#♣h###.....#
#..h##.#....[
######.r.....###
#...@#.......#
#<.8.gh......#
#..8.rb.......
#....#........
######........
♣........
.........
.#.#.#.#. .#.#.#


You could see a jackal (distracted, ally target), a goblin, a friendly quokka
(summoned) and a friendly bat (summoned).

Vanquished Creatures
  A hobgoblin (D:1)
  A jackal (D:1)
2 creatures vanquished.

Notes
Turn   | Place    | Note
-------+----------+-------------------------------------------
     0 | D:1      | purpskrrrp the Felid Summoner began the quest for the Orb.
     0 | D:1      | Reached XP level 1. HP: 7/7 MP: 4/4
    44 | D:1      | Slain by a goblin

Illustrated notes

Levels and vault maps discovered:
D:1:      sevenhm_arrival_forest_fort_small_6, layout_basic,
          shapermc_ecumenical_altar_starsandcircs, st_stairs_10

Action                     || total
---------------------------++-------
  Melee: Unarmed           ||    13
   Cast: Summon Small Mamm ||     5
  Dodge: Dodged            ||     5

Table legend: (Time is in decaauts)
 A = Elapsed time spent in this place.
 B = Non-inter-level travel time spent in this place.
 C = Inter-level travel time spent in this place.
 D = Time resting spent in this place.
 E = Time spent auto-exploring this place.
 F = Levels seen in this place.
 G = Mean time per level.
                   A        B        C        D        E       F      G
               +--------+--------+--------+--------+--------+-----+--------+
         Total |     39 |     39 |      0 |      0 |      9 |   1 |   39.0 |
       Dungeon |     39 |     39 |      0 |      0 |      9 |   1 |   39.0 |
               +--------+--------+--------+--------+--------+-----+--------+

Top non-repeatable levels by time:
     D:1: 39 daAuts
